 Dungeon Crawl Stone Soup version 0.25-a0-737-g26c3a87c45 (webtiles) character file.

Game seed: 11595744522302197201, levelgen mode: deterministic

572 MisterFreud the Ducker (level 7, 0/43 HPs)
             Began as an Octopode Transmuter on Apr 12, 2020.
             Was an Initiate of Cheibriados.
             Slain by a green ugly thing (14 damage)
             ... on level 7 of the Dungeon.
             The game lasted 00:10:50 (6928 turns).

MisterFreud the Ducker (Octopode Transmuter)        Turns: 6928, Time: 00:10:50

Health: 0/43       AC:  1    Str: 10    XL:     7   Next: 34%
Magic:  11/11      EV: 16    Int: 18    God:    Cheibriados [......]
Gold:   360        SH:  0    Dex: 14    Spells: 6/12 levels left

rFire    . . .     SeeInvis .     - Unarmed
rCold    . . .     Gourm    .   (no shield)
rNeg     . . .     Faith    .   (helmet restricted)
rPois    +         Spirit   .   (no amulet)
rElec    .         Reflect  .   d - ring of stealth
rCorr    .         Harm     .   r - ring of poison resistance
MR       .....                  (no ring)
Stlth    +++.......             (no ring)
HPRegen  0.14/turn              (no ring)
MPRegen  0.12/turn              (no ring)
                                (no ring)
                                (no ring)

@: lethally poisoned (0 -> -23), very slow
A: almost no armour, stealthy swim, amphibious, 8 rings, constrict 8, camouflage
1, gelatinous body 1
a: Bend Time, Renounce Religion


You were on level 7 of the Dungeon.
You worshipped Cheibriados.
Cheibriados was noncommittal.
You were not hungry.

You visited 2 branches of the dungeon, and saw 8 of its levels.

You collected 360 gold pieces.

Inventory:

Missiles
 a - 14 arrows
Jewellery
 d - a ring of stealth (left tentacle)
 r - a ring of poison resistance (right tentacle)
Wands
 n - a wand of enslavement (9)
Scrolls
 e - a scroll of magic mapping {unknown}
 f - a scroll of teleportation {unknown}
 h - a scroll of remove curse {unknown}
 i - a scroll of fear {unknown}
 j - a scroll of blinking {unknown}
 l - a scroll of enchant weapon
 s - a scroll of random uselessness {unknown}
 v - a scroll of amnesia {unknown}
 x - a scroll of identify
 y - a scroll of enchant armour {unknown}
Potions
 b - a potion of lignification
 g - 2 potions of stabbing
 k - 2 potions of mutation {unknown}
 m - a potion of brilliance {unknown}
 o - a potion of invisibility {unknown}
 p - a potion of cancellation {unknown}
 q - a potion of resistance {unknown}
 t - a potion of might {unknown}
 w - a potion of curing
Comestibles
 c - 8 rations


   Skills:
 - Level 1.0 Fighting
 + Level 5.7 Dodging
 - Level 3.0 Unarmed Combat
 - Level 3.0 Spellcasting
 - Level 5.0 Transmutations


You had 6 spell levels left.
You knew the following spells:

 Your Spells              Type           Power        Failure   Level  Hunger
a - Beastly Appendage     Tmut           ###...       1%          1    None
b - Sticks to Snakes      Tmut           ###.....     3%          2    ##.....
c - Spider Form           Tmut/Pois      ##........   17%         3    ###....

Your spell library contained the following spells:

 Spells                   Type           Power        Failure   Level  Hunger
 Ice Form                 Ice/Tmut       ##......     50%         4    ####...
 Blade Hands              Tmut           ###.......   50%         5    ######.


Dungeon Overview and Level Annotations

Branches:
Dungeon (7/15)             Temple (1/1) D:4

Altars:
Cheibriados
Dithmenos
Elyvilon
Fedhas
Gozag
Kikubaaqudgha
Makhleb
Nemelex Xobeh
Qazlal
Sif Muna
Vehumet
Wu Jian
Xom
Yredelemnul
The Shining One

Annotations:
D:3 Grinder
D:4 2 transporters


Innate Abilities, Weirdness & Mutations

You cannot wear most types of armour.
You are very stealthy in the water. (Stealth+)
You are amphibious.
You can wear up to eight rings at the same time.
You can use your tentacles to constrict eight enemies at once.
Your skin changes colour to match your surroundings (Stealth+).
Your rubbery body absorbs attacks. (AC +1, EV +1)


Message History

The green ugly thing misses you.
Unknown command.
Unknown command.
Okay, then.
You tentacle-slap the green ugly thing but do no damage.
The green ugly thing is lightly wounded.
You constrict the green ugly thing.
You feel sick. The green ugly thing barely misses you.
You tentacle-slap the green ugly thing.
Your squeeze misses the green ugly thing.
The green ugly thing is moderately wounded.
You constrict the green ugly thing.
You feel very sick. The green ugly thing bites you.
You tentacle-slap the green ugly thing but do no damage.
You squeeze the green ugly thing.
The green ugly thing is moderately wounded.
You constrict the green ugly thing.
You feel sick. The green ugly thing bites you!
You die...

########
#......#
#.####.# # #.#
#.# ... #.# #.#
###..###u####.#
.......@)#.<..#
###..#####.####
# #. #. #. #.
#. #.


You could see a green ugly thing.

Vanquished Creatures
  An ogre (D:4)
  A scorpion (D:4)
  3 hounds
  An orc wizard (D:4)
  3 worker ants
  A hound zombie (D:5)
  A howler monkey zombie (D:7)
  A worker ant zombie (D:5)
  4 gnolls (D:5)
  6 adders
  2 shadow imps (D:5)
  2 oozes
  An adder skeleton (D:4)
  A dart slug (D:4)
  10 orcs
  A ball python (D:2)
  7 bats
  4 giant cockroaches (D:4)
  9 hobgoblins
  4 jackals (D:4)
  2 quokkas
  5 frilled lizards
  2 goblins (D:3)
  3 kobolds
  3 rats
78 creatures vanquished.

Vanquished Creatures (collateral kills)
  3 adders
3 creatures vanquished.

Grand Total: 81 creatures vanquished

Notes
Turn   | Place    | Note
-------+----------+-------------------------------------------
     0 | D:1      | MisterFreud the Octopode Transmuter began the quest for the
                  | Orb.
     0 | D:1      | Reached XP level 1. HP: 13/13 MP: 3/3
   472 | D:1      | Reached XP level 2. HP: 16/18 MP: 3/5
  1101 | D:1      | Reached XP level 3. HP: 14/23 MP: 4/6
  1230 | D:1      | Learned a level 2 spell: Sticks to Snakes
  1234 | D:1      | Learned a level 3 spell: Spider Form
  1560 | D:2      | Found a burning altar of Makhleb.
  1774 | D:2      | Reached XP level 4. HP: 18/28 MP: 3/8
  2322 | D:2      | Found a faded altar of an unknown god.
  2713 | D:3      | Noticed Grinder
  2760 | D:3      | Reached XP level 5. HP: 17/33 MP: 6/9
  3372 | D:4      | Noticed an ogre
  3503 | D:4      | Noticed an ogre
  4055 | D:4      | Noticed a phantom
  4068 | D:5      | Entered Level 5 of the Dungeon
  4080 | D:5      | Reached skill level 5 in Transmutations
  4168 | D:4      | Killed an ogre
  4168 | D:4      | Reached XP level 6. HP: 38/38 MP: 6/10
  4358 | D:5      | Found a shimmering altar of Xom.
  4875 | D:4      | Found a transporter.
  4894 | D:4      | Noticed a kobold demonologist
  4910 | D:4      | Found a staircase to the Ecumenical Temple.
  4931 | Temple   | Entered the Ecumenical Temple
  5008 | Temple   | Became a worshipper of Cheibriados the Contemplative
  5189 | D:4      | Found a transporter.
  5575 | D:4      | Reached XP level 7. HP: 43/43 MP: 11/11
  5753 | D:5      | Reached skill level 5 in Dodging
  6888 | D:6      | Noticed a green ugly thing
  6928 | D:7      | Slain by a green ugly thing

Levels and vault maps discovered:
D:1:      minmay_arrival_plants_in_alcoves, layout_loops_ring,
          chequers_mini_garden
D:2:      layout_rooms, overflow_temple_1_default,
          chequers_ecumenical_altar_grove, first_ration
D:3:      layout_basic, uniq_grinder
D:4:      gammafunk_wand_slinger, layout_gridville, minmay_temple_entry_hall,
          minmay_misc_feat_hallway
D:5:      layout_cave_pools, basic_altar
D:6:      layout_rooms, serial_shops, shop,
          nicolae_shop_competitors_out_of_business, kennysheep_little_box,
          uniq_pikel
D:7:      layout_loops_ring
Temple:   minmay_crystal_snake_temple

Skill      XL: |  1  2  3  4  5  6  7 |
---------------+----------------------+-----
Transmutations | 3 4 5 |  5.0
Spellcasting   | 3 |  3.0
Dodging        | 3 4 5 |  5.7
Fighting       | |  1.0
Unarmed Combat | |  3.0

Action                   |  1- 3 |  4- 6 |  7- 9 || total
-------------------------+-------+-------+-------++-------
Melee: Unarmed           |    73 |   140 |    71 ||   284
       Tentacles         |    13 |    16 |     9 ||    38
       Constrict         |    12 |    17 |     8 ||    37
       Kick              |     4 |       |       ||     4
       Punch             |     2 |     1 |     1 ||     4
 Cast: Beastly Appendage |     6 |     1 |       ||     7
       Spider Form       |     2 |    14 |     5 ||    21
       Sticks to Snakes  |     2 |     2 |     1 ||     5
  Use: Scroll            |       |     2 |     1 ||     3
       Potion            |       |       |     2 ||     2
 Stab: Sleeping          |     1 |     6 |     1 ||     8
       Distracted        |       |       |     1 ||     1
  Eat: Chunk             |     3 |    12 |     7 ||    22
Armor: Skin              |     2 |    12 |    12 ||    26
Dodge: Dodged            |    56 |   120 |   118 ||   294

Table legend:
 A = Non-vault XP
 B = Vault XP
 C = Vault XP percentage of total XP
 D = Non-vault monster count
 E = Vault monster count
 F = Vault count percentage of total count
                 A         B        C        D         E       F
            +---------+---------+-------+---------+---------+-------
      Total |     818 |       0 |   0.0 |      81 |       0 |   0.0
            +---------+---------+-------+---------+---------+-------
        D:1 |      34 |       0 |   0.0 |      14 |       0 |   0.0
        D:2 |      67 |       0 |   0.0 |      15 |       0 |   0.0
        D:3 |      73 |       0 |   0.0 |      10 |       0 |   0.0
        D:4 |     403 |       0 |   0.0 |      22 |       0 |   0.0
        D:5 |     221 |       0 |   0.0 |      18 |       0 |   0.0
        D:6 |       3 |       0 |   0.0 |       1 |       0 |   0.0
        D:7 |      17 |       0 |   0.0 |       1 |       0 |   0.0
            +---------+---------+-------+---------+---------+-------
